 Dungeon Crawl Stone Soup version 0.20-a0-993-gba41c3c (webtiles) character file.

721 Alarkh the Insei (level 7, 31/55 HPs)
             Began as a Demonspawn Transmuter on Apr 11, 2017.
             Quit the game on level 5 of the Dungeon.
             The game lasted 00:05:00 (4566 turns).

Alarkh the Insei (Demonspawn Transmuter)            Turns: 4566, Time: 00:05:01

Health: 31/55      AC:  7    Str: 10    XL:     7   Next: 43%
Magic:  10/10      EV: 15    Int: 16    God:
Gold:   186        SH:  0    Dex: 14    Spells: 4/10 levels left

rFire    + + .     SeeInvis .     - Unarmed
rCold    . . .     Gourm    .   (no shield)
rNeg     . . .     Faith    .   b - +0 robe
rPois    .         Spirit   .   i - +2 hat
rElec    .         Reflect  .   A - +2 cloak
rCorr    .         Harm     .   (no gloves)
MR       .....                  (no boots)
Stlth    +.........             r - amulet of regeneration
Regen    0.6/turn               o - +3 ring of evasion
MPRegen  0.2/turn               l - ring of protection from fire

@: no status effects
A: claws 1, hooves 1, fire resistance 1, powered by pain 1, flame cloud immunity
a: no special abilities


You were on level 5 of the Dungeon.
You were not hungry.

You visited 1 branch of the dungeon, and saw 5 of its levels.
You also visited: Sewer.

You collected 186 gold pieces.

Inventory:

Missiles
 a - 77 arrows
Armour
 b - a +0 robe (worn)
 i - a +2 hat (worn)
 A - a +2 cloak (worn)
Jewellery
 l - a ring of protection from fire (right claw)
 o - a +3 ring of evasion (left claw)
 r - an amulet of regeneration (around neck)
Wands
 f - a wand of acid (5/15)
Scrolls
 e - a scroll of identify
 h - a scroll of enchant weapon {unknown}
 j - 4 scrolls of teleportation
 n - a scroll of recharging {unknown}
 q - a scroll of noise {unknown}
 v - a scroll of blinking {unknown}
Potions
 k - 3 potions of brilliance
 m - 2 potions of cancellation
 t - a potion of heal wounds {unknown}
 w - a potion of haste
 x - a potion of magic {unknown}
Books
 c - a book of Changes

   Spells                             Type                      Level
   a - Beastly Appendage              Transmutation                1
   b - Sticks to Snakes               Transmutation                2
   c - Spider Form                    Transmutation/Poison         3
   d - Ice Form                       Ice/Transmutation            4
   e - Blade Hands                    Transmutation                5
 y - a book of Maledictions

   Spells                             Type                      Level
   a - Corona                         Hexes                        1
   b - Ensorcelled Hibernation        Hexes/Ice                    2
   c - Confuse                        Hexes                        3
   d - Tukima's Dance                 Hexes                        3
   e - Dazzling Spray                 Conjuration/Hexes            3
Comestibles
 d - 2 bread rations
 g - a meat ration
 s - a royal jelly
 u - 3 fruits


   Skills:
 + Level 4.6 Fighting
 - Level 1.7 Dodging
 * Level 6.8 Unarmed Combat
 - Level 2.0 Spellcasting
 - Level 1.7 Transmutations


You had 4 spell levels left.
You knew the following spells:

 Your Spells              Type           Power        Failure   Level  Hunger
a - Beastly Appendage     Tmut           #.....       12%         1    #......
b - Sticks to Snakes      Tmut           #.......     17%         2    ###....
c - Spider Form           Tmut/Pois      #.........   52%         3    ###....


Dungeon Overview and Level Annotations

Branches:
Dungeon (5/15)
 Temple: D:4-7

Altars:
Hepliaklqana
Nemelex Xobeh


Innate Abilities, Weirdness & Mutations

You have sharp fingernails.
You have large cloven feet.
Your flesh is heat resistant. (rF+)
You sometimes gain a little power by taking damage.
You are immune to clouds of flame.


Message History

(D) Dungeon
Where to? (Enter - D:5, ? - help)
There is a stone staircase leading down here.
You climb downwards.
An ogre comes into view. It is wielding a giant club.
Found 14 arrows.
There is a stone staircase leading up here.
Are you sure you want to abandon this character and quit the game? (Confirm with "yes".)
Okay, then.
You claw the ogre!
The ogre is moderately wounded.
You claw the ogre! Your kick misses the ogre.
The ogre is heavily wounded.
The ogre hits you with a giant club!
You claw the ogre! Your kick misses the ogre.
The ogre is almost dead.
The ogre hits you with a giant club!!
You claw the ogre!
You kill the ogre!
Are you sure you want to abandon this character and quit the game? (Confirm with "yes".)

.. . .# .
.##
.######.###
.......().#
#..@# ###.#
.## #. ..
#.# .. ...


There were no monsters in sight!

Vanquished Creatures
  The ghost of Alarkh the Chopper, an amateur DsSk of Trog (D:4)
  An ogre (D:5)
  2 big kobolds (Sewer)
  An orc wizard (D:4)
  3 worker ants (D:4)
  8 adders
  A river rat (Sewer)
  3 oozes
  3 dart slugs
  2 leopard geckos
  2 orcs (D:4)
  6 ball pythons
  7 bats
  8 giant cockroaches
  7 goblins
  6 hobgoblins
  9 jackals (D:2)
  21 kobolds
  2 quokkas
  2 frilled lizards
  14 rats
109 creatures vanquished.

Notes
Turn   | Place    | Note
-------+----------+-------------------------------------------
     0 | D:1      | Alarkh the Demonspawn Transmuter began the quest for the Orb.
     0 | D:1      | Reached XP level 1. HP: 15/15 MP: 3/3
   144 | D:1      | Reached skill level 3 in Unarmed Combat
   315 | D:1      | Gained mutation: You have sharp fingernails. [demonic ancestry]
   315 | D:1      | Reached XP level 2. HP: 19/21 MP: 3/5
  1103 | D:1      | Reached XP level 3. HP: 27/27 MP: 6/6
  1858 | D:2      | Learned a level 2 spell: Sticks to Snakes
  1895 | D:2      | Learned a level 3 spell: Spider Form
  1913 | D:2      | Reached skill level 4 in Unarmed Combat
  1913 | D:2      | Gained mutation: Your flesh is heat resistant. (rF+) [demonic ancestry]
  1913 | D:2      | Reached XP level 4. HP: 32/33 MP: 5/7
  2494 | D:3      | Found a sparkling altar of Nemelex Xobeh.
  2549 | D:3      | Found a glowing drain.
  2574 | Sewer    | Entered a sewer
  2668 | Sewer    | Noticed a big kobold
  2685 | Sewer    | Killed a big kobold
  2685 | Sewer    | Lost mutation: You have claws for feet. [demonic ancestry]
  2685 | Sewer    | Lost mutation: You have razor-sharp toenails. [demonic ancestry]
  2685 | Sewer    | Lost mutation: You have sharp toenails. [demonic ancestry]
  2685 | Sewer    | Gained mutation: You have large cloven feet. [demonic ancestry]
  2685 | Sewer    | Reached XP level 5. HP: 34/41 MP: 8/8
  2851 | Sewer    | Reached skill level 5 in Unarmed Combat
  2991 | Sewer    | Gained mutation: You are immune to clouds of flame. [demonic ancestry]
  2991 | Sewer    | Reached XP level 6. HP: 31/47 MP: 9/9
  3526 | D:3      | Found a hazy altar of Hepliaklqana.
  4332 | D:4      | Noticed Alarkh's ghost (amateur DsSk)
  4352 | D:4      | Killed Alarkh's ghost
  4352 | D:4      | Reached skill level 6 in Unarmed Combat
  4352 | D:4      | Gained mutation: You sometimes gain a little power by taking damage. [demonic ancestry]
  4352 | D:4      | Reached XP level 7. HP: 30/55 MP: 10/10
  4561 | D:5      | Entered Level 5 of the Dungeon
  4566 | D:5      | Quit the game

Vault maps used:
D:1:      minmay_arrival_wavy_path, minmay_tiny_reverse_x
D:2:      nrook_uturn
D:3:      old_standard_altar, cheibrodos_sewer_entry_drain,
          nemelex_lonely_heart_becter
D:4:      cheibrodos_pilgrimage, corner_web_ring, grunt_ministairs_11
D:5:      first_bread, uniq_duvessa
Sewer:    sewer_co_tree

Skill      XL: |  1  2  3  4  5  6 |
---------------+-------------------+-----
Unarmed Combat | 3 4 5 6 |  6.8
Fighting       | 2 3 4 |  4.6
Dodging        | |  1.7
Spellcasting   | |  2.0
Transmutations | |  1.7

Action                   |  1- 3 |  4- 6 |  7- 9 || total
-------------------------+-------+-------+-------++-------
Melee: Unarmed           |   134 |   291 |     8 ||   433
       Headbutt          |     5 |     2 |       ||     7
       Kick              |     3 |    39 |       ||    42
       Punch             |       |     6 |       ||     6
 Cast: Beastly Appendage |    13 |     6 |       ||    19
  Use: Scroll            |       |     9 |       ||     9
       Potion            |       |     2 |       ||     2
 Stab: Sleeping          |     2 |     1 |       ||     3
  Eat: Chunk             |     3 |     9 |     1 ||    13
Armor: Robe              |    37 |    21 |     1 ||    59
Dodge: Dodged            |    98 |   195 |     2 ||   295
